 Dungeon Crawl Stone Soup version 0.27-a0-1090-gb115f176c6 (webtiles) character file.

Game seed: 18330806069311174050

2077 scammafunk the Slasher (level 9, 0/66 HPs)
             Began as a Gnoll Chaos Knight on Apr 27, 2021.
             Was a Plaything of Xom.
             Killed themself with a badly aimed iceblast (12 damage)
             ... on level 6 of the Dungeon.
             The game lasted 00:31:40 (6578 turns).

scammafunk the Slasher (Gnoll Chaos Knight)         Turns: 6578, Time: 00:31:41

Health: 0/66       AC: 14    Str: 20    XL:     9   Next: 26%
Magic:  15/15      EV:  5    Int: 12    God:    Xom [....*.]
Gold:   265        SH: 14    Dex: 12    Spells: 16/16 levels left

rFire    . . .     SeeInvis .   a - +1 falchion (chaos)
rCold    . . .     Faith    .   r - +5 kite shield
rNeg     . . .     Spirit   .   d - +0 plate armour
rPois    +         Reflect  .   n - +0 helmet
rElec    .         Harm     .   (no cloak)
rCorr    .         Rampage  .   (no gloves)
Will     +....                  (no boots)
Stlth    ..........             (no amulet)
HPRegen  0.21/turn              h - ring of poison resistance
MPRegen  0.14/turn              t - +6 ring of strength

@: lit by a corona, glowing
A: fangs 1, strong nose, distributed training, frail 1, strong-willed 1
a: Renounce Religion


You were on level 6 of the Dungeon.
You worshipped Xom.
You were a beloved toy of Xom.
You visited 1 branch of the dungeon, and saw 6 of its levels.

You collected 265 gold pieces.

Inventory:

Hand Weapons
 a - a +1 falchion of chaos (weapon)
Missiles
 k - 7 atropa-tipped darts (quivered)
Armour
 d - a +0 plate armour (worn)
 e - a +2 leather armour of poison resistance
 n - a +0 helmet (worn)
 r - a +5 kite shield (worn)
Magical Staves
 m - a staff of fire
Jewellery
 b - a ring of positive energy
 h - a ring of poison resistance (left hand)
 t - a +6 ring of strength (right hand)
Wands
 f - a wand of acid (1)
 l - a wand of iceblast (13)
 q - a wand of digging (4)
Scrolls
 c - 2 scrolls of noise
 g - a scroll of fog {unknown}
 i - a scroll of magic mapping {unknown}
 o - a scroll of vulnerability
 s - a scroll of enchant weapon
 u - a scroll of blinking
 v - a scroll of identify
Potions
 j - a potion of flight
 p - a potion of attraction {unknown}


   Skills:
 + Level 7.8 Fighting
 + Level 4.0 Short Blades
 + Level 7.8 Long Blades
 + Level 4.0 Axes
 + Level 4.0 Maces & Flails
 + Level 4.0 Polearms
 + Level 4.0 Staves
 + Level 4.0 Slings
 + Level 4.0 Bows
 + Level 4.0 Crossbows
 + Level 4.0 Throwing
 + Level 6.2 Armour
 + Level 4.9 Dodging
 + Level 4.0 Stealth
 + Level 4.0 Shields
 + Level 4.0 Unarmed Combat
 + Level 4.0 Spellcasting
 + Level 3.3 Conjurations
 + Level 3.3 Hexes
 + Level 3.3 Summonings
 + Level 3.3 Necromancy
 + Level 3.3 Translocations
 + Level 3.3 Transmutations
 + Level 3.3 Fire Magic
 + Level 3.3 Ice Magic
 + Level 3.3 Air Magic
 + Level 3.3 Earth Magic
 + Level 3.3 Poison Magic
 + Level 4.5 Invocations
 + Level 4.0 Evocations


You had 16 spell levels left.
You didn't know any spells.
Your spell library contained the following spells:

 Spells                   Type           Power      Damage    Failure   Level
 Beastly Appendage        Tmut           20%        N/A       99%         1
 Freeze                   Ice            40%        1d6       99%         1
 Magic Dart               Conj           40%        1d5       99%         1
 Searing Ray              Conj           20%        3d3       100%        2
 Wereblood                Tmut           10%        N/A       100%        2
 Confusing Touch          Hex            10%        N/A       100%        3
 Dazzling Flash           Conj/Hex       20%        N/A       100%        3
 Frozen Ramparts          Ice            20%        1d4       100%        3
 Gell's Gravitas          Tloc           5%         N/A       100%        3
 Ozocubu's Armour         Ice            10%        N/A       100%        3
 Spider Form              Tmut/Pois      5%         N/A       100%        3
 Fulminant Prism          Conj/Hex       5%         3d7       100%        4
 Hailstorm                Conj/Ice       10%        3d5       100%        4
 Ice Form                 Ice/Tmut       10%        N/A       100%        4
 Iskenderun's Mystic Bla  Conj/Tloc      10%        2d4       100%        4
 Petrify                  Tmut/Erth      10%        N/A       100%        4
 Hydra Form               Tmut           5%         N/A       100%        5
 Metabolic Englaciation   Hex/Ice        5%         N/A       100%        5
 Yara's Violent Unravell  Hex/Tmut       5%         3d4       100%        5


Dungeon Overview and Level Annotations

Branches:
Dungeon (6/15)             Temple (0/1) D:4

Altars:
Xom


Innate Abilities, Weirdness & Mutations

You have very sharp teeth.
Your uncanny sense of smell can sniff out nearby items.
Your experience applies equally to all skills.
You are frail. (-10% HP)
You are strong-willed. (Will+)


Message History

You closely miss the gnoll. The gnoll barely misses you.
You hit the gnoll.
The gnoll is lightly wounded.
The gnoll hits you with a +2 flail of protection.
You block the gnoll's attack.
You hit the gnoll.
The gnoll is poisoned.
The gnoll is heavily wounded.
You block the gnoll's attack. x2
You hit the gnoll but do no damage.
The gnoll is heavily wounded.
You block the gnoll's attack.
The gnoll hits you from afar with a +0 halberd.
You slash the gnoll! You burn the gnoll.
You kill the gnoll!
You block the gnoll's attack.
You hit something.
Xom thinks this is hilarious!
Nothing appears to happen.
The gnoll hits you from afar with a +0 halberd.
* * * LOW HITPOINT WARNING * * *
Something hits you.
* * * LOW HITPOINT WARNING * * *
Something shocks you.
* * * LOW HITPOINT WARNING * * *
A gnoll shaman comes into view. It is wielding a +0 whip.
The gnoll shaman shouts!
A gnoll comes into view. It is wielding a +0 flail.
The gnoll shouts!
The gnoll shaman calls upon its god to speed up the gnoll.
The gnoll seems to speed up.
The gnoll shaman mumbles some strange prayers to its god against you.
You are outlined in light.
Aiming: Iceblast
Press: ? - help, Shift-Dir - straight line, f - gnoll shaman
Aim: a gnoll shaman, wielding a +0 whip and wearing a +0 leather armour The mass of ice explodes!
The iceblast engulfs something.
The iceblast engulfs you!
Xom roars with laughter!
You die...
Xom laughs nastily!

.. #. ##.. #
#.. #.#.. #
#.#.##.#
#......# #@#
#.#######
#gg......
#..g.....
#g......#
#........
#.......#
#####........
#)g..........


You could see a gnoll shaman and 3 gnolls.

Vanquished Creatures
  Grinder (D:4)
  Sigmund (D:5)
  An orc warrior (D:6)
  A black bear (D:4)
  An ice beast (D:6)
  A sky beast (D:4)
  6 ogres
  A centaur (D:6)
  A water moccasin zombie (D:5)
  A scorpion (D:5)
  A howler monkey (D:4)
  2 centaur zombies
  2 jellies (D:5)
  An orc priest (D:6)
  4 hounds
  A bullfrog skeleton (D:6)
  A gnoll shaman (D:6)
  A centaur skeleton (D:3)
  3 orc wizards
  2 iguanas
  3 gnolls (D:6)
  6 adders
  A howler monkey skeleton (D:4)
  A white imp (D:5)
  An adder skeleton (D:4)
  3 worms
  A dart slug (D:4)
  12 orcs
  5 ball pythons
  10 endoplasms
  2 giant cockroaches
  2 goblins
  6 hobgoblins
  10 kobolds
  4 quokkas
  8 bats
  4 frilled lizards
  4 rats
116 creatures vanquished.

Vanquished Creatures (collateral kills)
  A gnoll (D:6)
  3 orcs (D:5)
4 creatures vanquished.

Vanquished Creatures (others)
  A black bear (D:5)
1 creature vanquished.

Grand Total: 121 creatures vanquished

Notes
Turn   | Place    | Note
-------+----------+-------------------------------------------
     0 | D:1      | scammafunk the Gnoll Chaos Knight began the quest for the
                  | Orb.
     0 | D:1      | Reached XP level 1. HP: 23/23 MP: 1/1
   113 | D:1      | XOM: noise
   288 | D:1      | XOM: noise
   298 | D:1      | Reached XP level 2. HP: 28/29 MP: 2/2
   334 | D:1      | XOM: confuse monster(s)
  1025 | D:1      | XOM: potion effect (curing)
  1365 | D:2      | XOM: noise
  1394 | D:2      | Reached XP level 3. HP: 35/35 MP: 3/3
  1416 | D:2      | Found a faded altar of an unknown god.
  1419 | D:2      | XOM: divination: detect creatures
  1628 | D:2      | Reached skill level 1 in Invocations
  1699 | D:2      | XOM: cloud trail
  1749 | D:2      | XOM is BORED!
  1749 | D:2      | XOM: silly message
  2136 | D:3      | XOM: silly message
  2197 | D:3      | Reached skill level 1 in Short Blades
  2197 | D:3      | Reached skill level 1 in Axes
  2197 | D:3      | Reached skill level 1 in Maces & Flails
  2197 | D:3      | Reached skill level 1 in Polearms
  2197 | D:3      | Reached skill level 1 in Staves
  2197 | D:3      | Reached skill level 1 in Slings
  2197 | D:3      | Reached skill level 1 in Bows
  2197 | D:3      | Reached skill level 1 in Crossbows
  2197 | D:3      | Reached skill level 1 in Throwing
  2197 | D:3      | Reached skill level 1 in Stealth
  2197 | D:3      | Reached skill level 1 in Shields
  2197 | D:3      | Reached skill level 1 in Unarmed Combat
  2197 | D:3      | Reached skill level 1 in Spellcasting
  2197 | D:3      | Reached skill level 1 in Evocations
  2337 | D:3      | Reached XP level 4. HP: 37/41 MP: 5/5
  2607 | D:3      | Reached skill level 1 in Conjurations
  2607 | D:3      | Reached skill level 1 in Hexes
  2607 | D:3      | Reached skill level 1 in Summonings
  2607 | D:3      | Reached skill level 1 in Necromancy
  2607 | D:3      | Reached skill level 1 in Translocations
  2607 | D:3      | Reached skill level 1 in Transmutations
  2607 | D:3      | Reached skill level 1 in Fire Magic
  2607 | D:3      | Reached skill level 1 in Ice Magic
  2607 | D:3      | Reached skill level 1 in Air Magic
  2607 | D:3      | Reached skill level 1 in Earth Magic
  2607 | D:3      | Reached skill level 1 in Poison Magic
  2676 | D:3      | XOM: noise
  2785 | D:3      | XOM: noise
  3004 | D:4      | Reached XP level 5. HP: 47/47 MP: 6/6
  3005 | D:4      | Noticed an ogre
  3023 | D:4      | Killed an ogre
  3135 | D:4      | XOM: cast spell 'Olgreb's Toxic Radiance'
  3149 | D:4      | Found a staircase to the Ecumenical Temple.
  3157 | D:4      | Reached XP level 6. HP: 50/53 MP: 8/8
  3158 | D:4      | XOM: silly message
  3420 | D:4      | XOM: potion effect (curing)
  3430 | D:4      | Reached skill level 5 in Armour
  3532 | D:4      | XOM: scenery: summon butterflies
  3626 | D:4      | Noticed a black bear
  3633 | D:4      | Killed a black bear
  3634 | D:4      | Reached XP level 7. HP: 35/59 MP: 10/10
  3744 | D:4      | XOM: cloud trail
  3888 | D:5      | Entered Level 5 of the Dungeon
  3888 | D:5      | Noticed Grinder
  3893 | D:5      | Paralysed by Grinder for 7 turns
  3898 | D:5      | XOM: confuse monster(s)
  3898 | D:5      | HP: 2/59 [Grinder (3)]
  4114 | D:4      | XOM: summons 3 friendly demons
  4129 | D:4      | Killed Grinder
  4241 | D:4      | XOM: god gift: plate armour {god gift}
  4351 | D:4      | XOM: give mutation
  4351 | D:4      | Gained mutation: You are strong-willed. (Will+) [Xom's
                  | grace]
  4364 | D:4      | XOM: god gift: ivory wand {god gift}
  4383 | D:4      | XOM: blink monster(s)
  4400 | D:5      | Reached XP level 8. HP: 36/67 MP: 12/12
  4667 | D:5      | XOM: cast spell 'Discord'
  4671 | D:5      | XOM: divination: magic mapping
  4847 | D:5      | XOM: butterfly on damage
  5075 | D:5      | XOM: 2-stop teleportation journey
  5109 | D:5      | Noticed Sigmund
  5137 | D:5      | Killed Sigmund
  5308 | D:5      | XOM: cloud trail
  5648 | D:5      | XOM: give mutation
  5648 | D:5      | Gained mutation: You are frail. (-10% HP) [Xom's mischief]
  5768 | D:5      | XOM: enchant monster (good)
  6012 | D:6      | XOM: 2-stop teleportation journey
  6027 | D:6      | XOM: swap monsters
  6033 | D:6      | Reached XP level 9. HP: 7/65 MP: 14/14
  6246 | D:6      | XOM: silly message
  6457 | D:6      | XOM: 1-stop teleportation journey
  6482 | D:6      | XOM: enchant monster (good)
  6530 | D:6      | XOM: summons 2 friendly demons
  6578 | D:6      | Killed themself with a badly aimed iceblast

Illustrated notes

Levels and vault maps discovered:
D:1:      evilmike_arrival_crescent, layout_basic, minmay_distorted
D:2:      layout_basic, shapermc_ecumenical_altar_gd, hangedman_glass_teeth
D:3:      layout_loops_ring
D:4:      black_bear_nest_2, layout_basic, temple_doors_ab
D:5:      layout_basic, uniq_sigmund, uniq_grinder
D:6:      minmay_skewed_foursquare, layout_loops_cross,
          nzn_wu_jian_contemplation

Skill      XL: |  1  2  3  4  5  6  7  8  9 |
---------------+----------------------------+-----
Invocations    | 1 2 3 4 |  4.5
Short Blades   | 1 2 3 4 |  4.0
Axes           | 1 2 3 4 |  4.0
Maces & Flails | 1 2 3 4 |  4.0
Polearms       | 1 2 3 4 |  4.0
Staves         | 1 2 3 4 |  4.0
Slings         | 1 2 3 4 |  4.0
Bows           | 1 2 3 4 |  4.0
Crossbows      | 1 2 3 4 |  4.0
Throwing       | 1 2 3 4 |  4.0
Stealth        | 1 2 3 4 |  4.0
Shields        | 1 2 3 4 |  4.0
Unarmed Combat | 1 2 3 4 |  4.0
Spellcasting   | 1 2 3 4 |  4.0
Evocations     | 1 2 3 4 |  4.0
Conjurations   | 1 2 3 |  3.3
Hexes          | 1 2 3 |  3.3
Summonings     | 1 2 3 |  3.3
Necromancy     | 1 2 3 |  3.3
Translocations | 1 2 3 |  3.3
Transmutations | 1 2 3 |  3.3
Fire Magic     | 1 2 3 |  3.3
Ice Magic      | 1 2 3 |  3.3
Air Magic      | 1 2 3 |  3.3
Earth Magic    | 1 2 3 |  3.3
Poison Magic   | 1 2 3 |  3.3
Dodging        | 3 4 |  4.9
Armour         | 5 6 |  6.2
Fighting       | 7 |  7.8
Long Blades    | 7 |  7.8

Action                   |  1- 3 |  4- 6 |  7- 9 || total
-------------------------+-------+-------+-------++-------
Melee: Falchion          |   116 |   117 |   190 ||   423
       Bite              |    15 |     9 |    24 ||    48
       Punch             |     1 |       |       ||     1
Throw: Dart              |       |     2 |       ||     2
Evoke: Wand              |       |     1 |     3 ||     4
  Use: Potion            |       |     3 |     5 ||     8
       Scroll            |       |     8 |     6 ||    14
 Stab: Confused          |     1 |     3 |     1 ||     5
       Petrified         |     4 |       |       ||     4
       Sleeping          |       |     2 |     1 ||     3
       Paralysed         |       |     3 |    10 ||    13
       Betrayed ally     |       |     1 |       ||     1
       Distracted        |       |       |     1 ||     1
Armor: Leather armour    |    37 |    17 |    15 ||    69
       Plate armour      |       |       |   103 ||   103
Dodge: Dodged            |    69 |    39 |    28 ||   136
Block: Kite shield       |       |    32 |   149 ||   181
       Rpst.: Falchion   |    21 |    13 |    10 ||    44

Table legend: (Time is in decaauts)
 A = Elapsed time spent in this place.
 B = Non-inter-level travel time spent in this place.
 C = Inter-level travel time spent in this place.
 D = Time resting spent in this place.
 E = Time spent auto-exploring this place.
 F = Levels seen in this place.
 G = Mean time per level.
                   A        B        C        D        E       F      G
               +--------+--------+--------+--------+--------+-----+--------+
         Total |   6620 |   6541 |     79 |   1485 |   3639 |   6 | 1103.3 |
       Dungeon |   6620 |   6541 |     79 |   1485 |   3639 |   6 | 1103.3 |
               +--------+--------+--------+--------+--------+-----+--------+

Top non-repeatable levels by time:
     D:4: 1445 daAuts
     D:5: 1433 daAuts
     D:1: 1364 daAuts
     D:3: 864 daAuts
     D:6: 800 daAuts
     D:2: 711 daAuts
